Map: White Rabbit LE

Players

HoldTheDoor - Winner!

  • Race: Protoss Protoss
  • League: Diamond
  • Spawn Location: 7:00

IIIIIIIIIIII

  • Race: Terran Terran
  • League: Diamond
  • Spawn Location: 1:00

VOD

Have the link to the VOD?

Description

Time

  • Played on: May 12, 2026, 10:32 a.m.
  • Length: 14:12
Show
View Real Time Build Order
Export as new Build Order

HoldTheDoor Protoss - Winner!

Build Orders: 1 Gate Expand 

Get SALT Encoding   

  12  0:00  Probe  
  13  0:12  Probe  
  14  0:18  Pylon  
  14  0:24  Probe  
  15  0:32  Probe  
  15  0:40  Gateway, Probe  
  17  0:50  Assimilator  
  17  0:53  Probe  
  18  1:02  Pylon  
  18  1:05  Probe  
  19  1:17  Probe  
  20  1:30  Nexus  
  20  1:40  Cybernetics Core  
  20  2:10  Gateway  
  20  2:13  Probe  
  21  2:24  Assimilator  
  21  2:25  Probe  
  21  2:28  Pylon  
  21  2:29  Adept  
  22  2:30  Pylon  
  22  3:03  Gateway  
  20  3:16  Adept x2  
  21  3:34  Probe  
  22  3:45  Gateway  
  22  3:46  Probe  
  23  3:49  Probe  
  24  3:58  Probe  
  24  4:01  Probe  
  26  4:06  Shield Battery  
  26  4:10  Warp Gate, Probe  
  27  4:19  Probe  
  27  4:23  Probe  
  29  4:31  Probe  
  29  4:33  Sentry  
  29  4:34  Sentry  
  29  4:35  Probe  
  35  4:43  Probe  
  36  4:52  Probe  
  37  4:56  Robotics Facility  
  37  5:01  Probe  
  38  5:14  Probe  
  38  5:16  Probe  
  40  5:23  Pylon  
  40  5:27  Probe  
  41  5:31  Probe  
  41  5:34  Immortal  
  42  5:39  Probe  
  47  5:53  Probe  
  47  5:54  Probe  
  49  5:58  Robotics Bay  
  49  6:03  Forge  
  49  6:06  Probe, Pylon, Zealot  
  49  6:08  Zealot  
  49  6:10  Pylon, Zealot x2  
  58  6:14  Probe  
  59  6:23  Probe  
  60  6:27  Probe  
  59  6:43  Stalker x4  
  59  6:45  Probe  
  68  6:47  Assimilator  
  68  6:48  Probe  
  68  6:49  Pylon  
  68  6:53  Photon Cannon  
  69  6:54  Photon Cannon  
  69  6:57  Probe  
  70  7:08  Colossus  
  70  7:10  Zealot x3  
  70  7:12  Protoss Ground Weapons Level 1  
  82  7:16  Probe  
  82  7:21  Probe  
  84  7:29  Gateway  
  84  7:31  Gateway  
  84  7:33  Gateway  
  84  7:37  Pylon  
  84  7:42  Twilight Council, Probe x2  
  86  7:45  Assimilator  
  86  8:00  Zealot x2  
  86  8:01  Zealot x2  
  94  8:16  Pylon  
  94  8:19  Pylon  
  94  8:33  Charge  
  94  8:34  Colossus, Probe x2  
  94  8:36  Photon Cannon  
  94  8:39  Pylon  
  102  8:44  Photon Cannon  
  102  8:45  Nexus  
  102  8:46  Probe x2  
  104  8:49  Pylon  
  104  8:59  Templar Archives  
  104  9:00  Probe x2  
  106  9:08  Protoss Ground Armor Level 1  
  106  9:12  Probe x2  
  108  9:18  Pylon, Zealot  
  108  9:19  Zealot x3  
  108  9:23  Pylon  
  116  9:32  Colossus  
  122  9:43  Stargate  
  105  10:08  Stalker x3  
  105  10:09  Stalker x3  
  105  10:11  Probe  
  105  10:12  Probe  
  119  10:28  Probe x3  
  122  10:36  Photon Cannon  
  122  10:39  Photon Cannon  
  122  10:40  Probe  
  122  10:42  Pylon  
  123  10:44  Pylon  
  123  10:46  Probe  
  123  10:47  Pylon  
  124  10:52  Colossus  
  130  11:05  Photon Cannon  
  130  11:06  Photon Cannon  
  130  11:09  Photon Cannon  
  130  11:12  Shield Battery  
  130  11:15  Shield Battery  
  130  11:17  Pylon  
  130  11:19  Pylon  
  130  11:24  Blink  
  130  11:26  Pylon  
  130  11:32  Phoenix  
  132  11:35  Probe x2  
  132  11:36  Probe  
  132  11:39  Assimilator  
  135  11:42  Assimilator, High Templar x2  
  135  11:43  High Templar  
  141  11:48  Archon  
  141  11:57  Phoenix  
  143  12:11  Photon Cannon  
  143  12:14  Photon Cannon  
  143  12:16  Shield Battery  
  143  12:17  Probe x2, Shield Battery, Photon Cannon  
  143  12:19  Probe  
  143  12:21  Shield Battery  
  146  12:23  Pylon  
  146  12:25  Pylon  
  146  12:27  Phoenix  
  146  12:29  Probe  
  149  12:32  Zealot x4  
  149  12:34  High Templar x2  
  149  12:35  High Templar  
  113  12:51  Archon  
  113  12:54  Zealot x4  
  111  13:05  Phoenix  
  105  13:10  Stalker  
  105  13:11  Stalker x2  
  111  13:14  High Templar  
  111  13:15  High Templar x2  
  111  13:18  Zealot  
  111  13:19  Archon  
Show
View Real Time Build Order
Export as new Build Order

IIIIIIIIIIII Terran 

Build Orders: Reaper Expand 

Get SALT Encoding   

  12  0:04  SCV  
  13  0:16  SCV  
  13  0:19  Supply Depot  
  14  0:29  SCV  
  15  0:41  SCV  
  15  0:42  Barracks  
  16  0:45  Refinery  
  16  1:01  SCV  
  17  1:06  Barracks  
  17  1:13  SCV  
  18  1:25  SCV  
  18  1:31  Reaper  
  20  1:36  Bunker  
  20  2:00  Reaper  
  19  2:08  Reaper  
  20  2:14  Orbital Command  
  20  2:21  Command Center  
  20  2:27  Supply Depot  
  17  3:36  Barracks Reactor, Barracks Tech Lab  
  17  3:38  Orbital Command  
  17  3:42  Barracks  
  17  3:45  Bunker  
  17  3:46  SCV, Engineering Bay  
  18  3:50  Factory  
  18  3:54  Refinery  
  18  3:56  Marauder  
  18  3:57  Concussive Shells  
  18  3:58  SCV  
  21  4:04  SCV  
  22  4:13  Marine x2  
  24  4:19  Marauder  
  24  4:23  SCV x2  
  28  4:26  Missile Turret  
  28  4:31  Barracks Reactor  
  28  4:34  Marine x2  
  28  4:36  Widow Mine  
  32  4:40  Starport  
  32  4:43  SCV  
  32  4:44  SCV  
  34  4:51  Marauder  
  34  4:52  Marine x2  
  38  5:13  Orbital Command, Marauder  
  38  5:14  Stimpack  
  40  5:15  Marine x2  
  40  5:19  Marine  
  40  5:20  Marine  
  44  5:33  Supply Depot  
  44  5:36  Marauder  
  46  5:54  Marine x2, SCV  
  49  5:57  Marine x2  
  49  5:58  Marauder  
  49  6:03  SCV  
  54  6:14  Supply Depot  
  54  6:15  Supply Depot  
  54  6:17  Supply Depot  
  54  6:28  SCV  
  49  6:40  Marine x3, Marauder  
  49  6:41  Marine  
  49  6:45  Supply Depot  
  55  6:48  Supply Depot  
  55  6:55  Missile Turret  
  55  6:57  Combat Shield  
  55  6:59  Marine x2  
  59  7:07  Factory Tech Lab  
  57  7:18  Marauder  
  57  7:19  Barracks Reactor, Marine x2  
  57  7:21  Medivac x2  
  65  7:24  SCV x2  
  65  7:28  Missile Turret  
  67  7:31  Siege Tank  
  70  7:37  Marine, Terran Infantry Weapons Level 1  
  70  7:40  Marine, Marauder  
  74  7:45  SCV x2  
  74  7:50  Command Center  
  76  7:55  Medivac  
  76  7:58  SCV x2  
  80  8:02  Refinery  
  80  8:03  Refinery  
  80  8:04  Marine  
  80  8:05  Marine x3, Marauder  
  86  8:18  Siege Tank  
  89  8:20  Supply Depot  
  89  8:27  Marine x3, Marauder  
  94  8:42  Marine  
  94  8:46  Medivac  
  97  8:50  Medivac  
  97  8:55  SCV x2  
  101  8:56  Barracks  
  101  8:57  Barracks  
  101  9:02  Marine x4, Marauder  
  107  9:19  Marine  
  107  9:20  Marine x3  
  107  9:22  Medivac x2  
  107  9:23  Marauder  
  117  9:25  Barracks  
  117  9:31  Supply Depot  
  117  9:51  SCV  
  117  9:52  SCV  
  117  9:53  Marine  
  107  10:14  Marine x3, Marauder  
  107  10:15  Marine  
  113  10:30  Barracks Reactor  
  113  10:32  Barracks Reactor, Marine x4  
  113  10:33  Barracks Tech Lab  
  113  10:34  Supply Depot  
  117  10:36  Marauder  
  117  10:38  Liberator x2  
  117  10:40  Supply Depot  
  125  10:56  Marine x4  
  129  10:59  Supply Depot  
  129  11:00  Terran Infantry Armor Level 1  
  129  11:04  Supply Depot  
  129  11:08  Supply Depot  
  129  11:09  Supply Depot  
  129  11:12  SCV x2  
  129  11:17  Supply Depot  
  129  11:18  Supply Depot  
  131  11:24  Viking  
  131  11:25  Viking  
  135  11:31  Marine x4, Marauder  
  135  11:32  Marine  
  141  11:33  Marine x4  
  141  11:36  Supply Depot  
  141  11:37  Supply Depot  
  146  11:40  Planetary Fortress  
  146  11:48  Marine  
  146  11:49  Marine x3, SCV  
  146  11:52  Marauder x2  
  156  11:54  SCV  
  150  12:11  Marine  
  150  12:12  Marine x7  
  150  12:13  Marauder  
  150  12:14  Marauder  
  162  12:17  SCV x2  
  162  12:20  Missile Turret  
  164  12:27  Viking x2  
  164  12:29  Marine x2  
  169  12:34  Marauder  
  69  13:11  Marine x3, Marauder x2  
  69  13:12  Marine x5  
  76  13:13  Viking x2  
Tags
 
Add a new tag
Caveats
  • Supply blocks, unpowered buildings, or Contaminate may cause inaccurate times.
  • Supply counts are checked every 10 seconds.